 Dungeon Crawl Stone Soup version 0.23.1 (webtiles) character file.

Game seed: 0

665 Yunesin the Chopper (level 7, 0/72 HPs)
             Began as an Octopode Berserker on Mar 14, 2019.
             Was a Priest of Trog.
             Slain by a killer bee (3 damage)
             ... on level 5 of the Dungeon.
             The game lasted 00:17:04 (5569 turns).

Yunesin the Chopper (Octopode Berserker)            Turns: 5569, Time: 00:17:06

Health: 0/72       AC:  1    Str: 22    XL:     7   Next: 57%
Magic:  7/7        EV: 15    Int:  9    God:    Trog [***...]
Gold:   336        SH:  0    Dex: 13    Spells: 6/6 levels left

rFire    . . .     SeeInvis .   c - -1 hand axe (curse)
rCold    . . .     Gourm    .   (no shield)
rNeg     . . .     Faith    .   (helmet restricted)
rPois    .         Spirit   .   p - amulet of regeneration
rElec    .         Reflect  .   f - ring of teleportation (curse)
rCorr    .         Harm     .   (no ring)
MR       .....     Rnd*Tele +   (no ring)
Stlth    ..........             (no ring)
HPRegen  0.62/turn              (no ring)
MPRegen  0.10/turn              (no ring)
                                (no ring)
                                (no ring)

@: berserking, lethally poisoned (0 -> -8), very quick
A: almost no armour, stealthy swim, amphibious, 8 rings, constrict 8, camouflage
1, gelatinous body 1
a: Berserk, Trog's Hand, Renounce Religion


You were on level 5 of the Dungeon.
You worshipped Trog.
Trog was most pleased with you.
You were very hungry.

You visited 1 branch of the dungeon, and saw 5 of its levels.

You collected 336 gold pieces.

Inventory:

Hand Weapons
 a - a +0 hand axe
 c - a cursed -1 hand axe (weapon)
Jewellery
 f - a cursed ring of teleportation (left tentacle)
 k - an uncursed amulet of rage
 p - an amulet of regeneration (around mantle)
Scrolls
 d - 3 scrolls of amnesia
 i - 4 scrolls of teleportation
 j - 5 scrolls of identify
Potions
 e - 2 potions of heal wounds
 g - a potion of flight
 h - 5 potions of curing {unknown}
 l - a potion of lignification {unknown}
 m - a potion of haste {unknown}
 n - a potion of might {unknown}
Comestibles
 b - 6 rations


   Skills:
 + Level 4.3 Fighting
 * Level 7.0 Axes
 + Level 4.4 Dodging
 - Level 1.9 Stealth


You had 6 spell levels left.
You didn't know any spells.
Your spell library was empty.

Dungeon Overview and Level Annotations

Branches:
Dungeon (5/15)             Temple (0/1) D:5

Altars:
Ashenzari
Cheibriados
Dithmenos
Fedhas
Gozag
Sif Muna

Shops:
D:5 [

Annotations:
D:5 1 transporter, Irenicus's ghost, novice DDEE


Innate Abilities, Weirdness & Mutations

You cannot wear most types of armour.
You are very stealthy in the water. (Stealth+)
You are amphibious.
You can wear up to eight rings at the same time.
You can use your tentacles to constrict eight enemies at once.
Your skin changes colour to match your surroundings (Stealth+).
Your rubbery body absorbs attacks. (AC +1, EV +1)


Message History

You are too injured to fight recklessly!
You are too injured to fight recklessly!
You are too injured to fight recklessly!
You are too injured to fight recklessly!
You are too injured to fight recklessly!
You are too injured to fight recklessly!
You slash the killer bee!
The killer bee is almost dead.
You closely miss the killer bee. You hit the killer bee.
You constrict the killer bee.
You kill the killer bee!
Trog accepts your kill.
Your Axes skill increases to level 7!
You feel sick. The killer bee stings you!
* * * LOW HITPOINT WARNING * * *
You are more poisoned.
The killer bee poisons you! The killer bee stings you!
* * * LOW HITPOINT WARNING * * *
The killer bee stings you.
You die...

#.##.y.#...##.....≈PP.....
#.##.#.#.#.##.............
#.##...#%y.##.............
#.#W#.#%#.#.#.............
##.#[.#...#..#.............
#.©#y.#.#.#.©#©............
#..#|.#...#..#.............
#..#$#.#.#y#.#.............
#..##...#=@†##.............
#..####.#.#y##......###.###
#..##...#...##......# #.#
#..###.###.###......# #.###
#...#########.......# #....
#.#..###.###........# #####
#...................# ##
##.........#........# #.
########.........#........######.


You could see 2 killer bees.

Vanquished Creatures
  A bullfrog (D:4)
  A scorpion (D:5)
  A killer bee (D:5)
  2 crimson imps (D:5)
  A hound (D:5)
  A bullfrog skeleton (D:5)
  An orc priest (D:3)
  3 orc wizards (D:5)
  A worker ant (D:5)
  A worker ant zombie (D:5)
  10 adders
  An adder zombie (D:5)
  An adder skeleton (D:5)
  5 worms
  3 dart slugs
  5 leopard geckos
  11 orcs
  2 ball pythons
  8 bats
  3 giant cockroaches
  5 goblins
  12 hobgoblins
  11 jackals
  2 quokkas
  5 frilled lizards
  2 giant cockroach zombies (D:5)
  9 kobolds
  A leopard gecko skeleton (D:5)
  A quokka skeleton (D:5)
  A quokka zombie (D:5)
  9 rats
120 creatures vanquished.

Notes
Turn   | Place    | Note
-------+----------+-------------------------------------------
     0 | D:1      | Yunesin the Octopode Berserker began the quest for the Orb.
     0 | D:1      | Reached XP level 1. HP: 16/16 MP: 1/1
   322 | D:1      | Reached XP level 2. HP: 17/21 MP: 2/2
   894 | D:1      | Reached XP level 3. HP: 19/26 MP: 3/3
  1805 | D:2      | Reached ** piety under Trog
  1805 | D:2      | Reached XP level 4. HP: 30/32 MP: 4/4
  1816 | D:2      | Reached skill level 1 in Stealth
  2475 | D:3      | Found a shadowy altar of Dithmenos.
  2511 | D:3      | Reached skill level 4 in Axes
  2546 | D:3      | Reached XP level 5. HP: 26/37 MP: 5/5
  2746 | D:3      | Found a shattered altar of Ashenzari.
  2755 | D:3      | Reached *** piety under Trog
  3546 | D:4      | Reached skill level 5 in Axes
  3546 | D:4      | Reached XP level 6. HP: 43/43 MP: 6/6
  4239 | D:5      | Entered Level 5 of the Dungeon
  4378 | D:5      | Found Golusch's Armour Shop.
  4510 | D:5      | Reached skill level 6 in Axes
  4607 | D:5      | Reached XP level 7. HP: 24/48 MP: 7/7
  4836 | D:5      | Noticed Irenicus's ghost (novice DDEE)
  4892 | D:5      | Found a transporter.
  4896 | D:5      | Found a transporter.
  4984 | D:5      | Found a staircase to the Ecumenical Temple.
  4999 | D:5      | Found a snail-covered altar of Cheibriados.
  5074 | D:5      | Found an opulent altar of Gozag.
  5267 | D:5      | Found a blossoming altar of Fedhas.
  5267 | D:5      | Found a deep blue altar of Sif Muna.
  5569 | D:5      | Reached skill level 7 in Axes
  5569 | D:5      | HP: 3/72 [killer bee (9)]
  5569 | D:5      | Slain by a killer bee

Skill      XL: |  1  2  3  4  5  6  7 |
---------------+----------------------+-----
Stealth        | 1 |  1.9
Axes           | 4 5 6 7 |  7.0
Dodging        | 4 |  4.4
Fighting       | 4 |  4.3

Action                   |  1- 3 |  4- 6 |  7- 9 || total
-------------------------+-------+-------+-------++-------
Melee: Hand axe          |    68 |   163 |    44 ||   275
       Constrict         |    16 |    46 |    14 ||    76
       Tentacles         |    12 |    32 |    12 ||    56
Invok: Berserk           |     1 |     3 |     1 ||     5
  Use: Scroll            |     1 |     5 |       ||     6
 Stab: Sleeping          |     6 |    14 |     3 ||    23
  Eat: Chunk             |     4 |     7 |     4 ||    15
       Ration            |       |     1 |       ||     1
Armor: Skin              |     2 |    15 |     1 ||    18
Dodge: Dodged            |    33 |   104 |    34 ||   171
